 Dungeon Crawl Stone Soup version 0.23.1 (webtiles) character file.

Game seed: 0

397975 Sharpo the Slayer (level 23, -39/172 HPs)
             Began as a Gargoyle Fighter on Mar 14, 2019.
             Was the Champion of the Shining One.
             Killed from afar by a deep elf annihilator (72 damage)
             ... with a crystal spear
             ... on level 5 of the Vaults.
             The game lasted 02:18:23 (41826 turns).

Sharpo the Slayer (Gargoyle Fighter)               Turns: 41826, Time: 02:18:24

Health: -39/172    AC: 44    Str: 39    XL:     23   Next: 24%
Magic:  27/27      EV: 10    Int:  9    God:    the Shining One [******]
Gold:   3477       SH: 26    Dex:  9    Spells: 22/22 levels left

rFire    . . .     SeeInvis .   A - +11 morningstar "Ethruran" {speed, Str+6}
rCold    . . .     Gourm    .   c - +1 shield
rNeg     + + +     Faith    .   U - +0 shadow dragon scales
rPois    ∞         Spirit   .   u - +2 helmet
rElec    +         Reflect  +   s - +0 cloak
rCorr    .         Harm     .   (no gloves)
MR       ++...                  B - +0 pair of boots {Stlth+}
Stlth    ++........             Z - brooch of Shielding {Reflect SH+8}
HPRegen  0.38/turn              T - +5 ring of strength
MPRegen  0.20/turn              J - ring of protection from magic

@: very slightly contaminated, glowing, studying Dodging
A: big wings, talons 1, low mp 1, negative energy resistance 1, electricity
resistance, weak 1, unbreathing, petrification resistance, rot immunity, subdued
magic 1, AC +17
}: 2/15 runes: serpentine, barnacled
a: Fly, Divine Shield, Cleansing Flame, Summon Divine Warrior, Brand Weapon With
Holy Wrath, Renounce Religion


You were on level 5 of the Vaults.
You worshipped the Shining One.
The Shining One was exalted by your worship.
You were not hungry.

You visited 8 branches of the dungeon, and saw 38 of its levels.
You visited the Abyss 1 time.

You collected 4179 gold pieces.
You spent 702 gold pieces at shops.

Inventory:

Hand Weapons
 A - the +11 morningstar "Ethruran" (weapon) {speed, Str+6}
   (You found it on level 8 of the Dungeon)

   Attacks with this weapon are significantly faster.
   It affects your strength (+6).
Missiles
 l - 44 javelins
 n - 19 poisoned javelins
 C - 7 silver tomahawks
 H - 9 steel tomahawks
 Q - 74 tomahawks (quivered)
Armour
 c - a +1 shield (worn)
 s - a +0 cloak (worn)
 u - a +2 helmet (worn)
 B - a +0 pair of boots of stealth (worn)
 N - a scarf of repulsion
 U - +0 shadow dragon scales (worn)
Jewellery
 y - an uncursed ring of protection from fire
 J - a ring of protection from magic (right hand)
 O - the ring "Kapus Ced" {Ice SInv}
   (You acquired it on level 4 of the Shoals)

   [ring of ice]

   It enhances your ice magic.
   It makes you vulnerable to fire.
   It protects you from cold.
   It lets you see invisible.
 T - a +5 ring of strength (left hand)
 X - an uncursed ring of resist corrosion
 Z - the brooch of Shielding (around neck) {Reflect SH+8}
   (You found it on level 1 of the Vaults)

   [amulet of reflection]

   It shields you and reflects attacks.
   It affects your SH (+8).
Wands
 k - a wand of iceblast (11)
 x - a wand of disintegration (48)
 E - a wand of paralysis (22)
 F - a wand of flame (72)
 M - a wand of enslavement (14)
 P - a wand of polymorph (12)
 W - a wand of digging (6)
Scrolls
 b - 5 scrolls of magic mapping
 g - 19 scrolls of remove curse
 h - 11 scrolls of identify
 i - 8 scrolls of fog
 o - 14 scrolls of teleportation
 q - 11 scrolls of amnesia
 r - 6 scrolls of enchant weapon
 v - 6 scrolls of blinking
 w - 6 scrolls of enchant armour
 G - 2 scrolls of acquirement
 L - 3 scrolls of fear
 S - a scroll of summoning
Potions
 a - a potion of resistance
 d - a potion of might
 j - 7 potions of agility
 m - 8 potions of heal wounds
 t - 7 potions of brilliance
 D - 4 potions of flight
 K - a potion of cancellation
 R - 6 potions of haste
 Y - 2 potions of magic
Books
 I - a manual of Dodging
Comestibles
 f - 55 rations
 z - 13 chunks of flesh


   Skills:
 * Level 25.7 Fighting
 + Level 18.0 Maces & Flails
 + Level 19.4 Armour
 + Level 19.4 Shields
 - Level 10.0 Invocations


You had 22 spell levels left.
You didn't know any spells.
Your spell library contained the following spells:

 Spells                   Type           Power        Failure   Level  Hunger
 Animate Skeleton         Necr           N/A          61%         1    ##.....
 Apportation              Tloc           #.....       61%         1    ##.....
 Beastly Appendage        Tmut           #.....       61%         1    ##.....
 Confusing Touch          Hex            #.....       61%         1    ##.....
 Infusion                 Chrm           #...         61%         1    ##.....
 Magic Dart               Conj           #...         61%         1    ##.....
 Pain                     Necr           #...         61%         1    ##.....
 Sandblast                Erth           #.....       61%         1    ##.....
 Sting                    Conj/Pois      #...         61%         1    ##.....
 Summon Butterflies       Summ           #.......     61%         1    ##.....
 Summon Small Mammal      Summ           #...         61%         1    ##.....
 Passwall                 Tmut/Erth      #.......     75%         2    ###....
 Poisonous Vapours        Pois/Air       #.....       75%         2    ###....
 Searing Ray              Conj           #.....       75%         2    ###....
 Shroud of Golubria       Chrm/Tloc      #.........   75%         2    ###....
 Song of Slaying          Chrm           #.......     75%         2    ###....
 Sticks to Snakes         Tmut           #.......     75%         2    ###....
 Call Canine Familiar     Summ           #.......     93%         3    ####...
 Dazzling Spray           Conj/Hex       #.....       93%         3    ####...
 Ignite Poison            Fire/Tmut/Pois #.......     93%         3    ####...
 Mephitic Cloud           Conj/Pois/Air  #.......     93%         3    ####...
 Recall                   Summ/Tloc      N/A          93%         3    ####...
 Regeneration             Chrm/Necr      #.........   93%         3    ####...
 Spectral Weapon          Hex/Chrm       #.......     93%         3    ####...
 Spider Form              Tmut/Pois      #.........   93%         3    ####...
 Stone Arrow              Conj/Erth      #.....       93%         3    ####...
 Vampiric Draining        Necr           #.........   93%         3    ####...
 Animate Dead             Necr           N/A          100%        4    #####..
 Force Lance              Conj/Tloc      #.......     100%        4    #####..
 Fulminant Prism          Conj/Hex       #.........   100%        4    #####..
 Ice Form                 Ice/Tmut       #.......     100%        4    #####..
 Iskenderun's Mystic Bla  Conj           #.......     100%        4    #####..
 Olgreb's Toxic Radiance  Pois           #.......     100%        4    #####..
 Petrify                  Tmut/Erth      #.......     100%        4    #####..
 Summon Ice Beast         Ice/Summ       #.......     100%        4    #####..
 Alistair's Intoxication  Tmut/Pois      #.......     100%        5    ######.
 Aura of Abjuration       Summ           #.........   100%        5    ######.
 Blade Hands              Tmut           #.........   100%        5    ######.
 Irradiate                Conj/Tmut      #.........   100%        5    ######.
 Lee's Rapid Deconstruct  Erth           #.........   100%        5    ######.
 Summon Demon             Summ           #.........   100%        5    ######.
 Summon Forest            Summ/Tloc      #.........   100%        5    ######.
 Summon Mana Viper        Hex/Summ       #.......     100%        5    ######.
 Venom Bolt               Conj/Pois      #.........   100%        5    ######.
 Poison Arrow             Conj/Pois      #.........   100%        6    #######
 Shadow Creatures         Summ           N/A          100%        6    #######
 Summon Hydra             Summ           #.........   100%        7    #######
 Chain Lightning          Conj/Air       #.........   100%        8    #######
 Lehudib's Crystal Spear  Conj/Erth      #.........   100%        8    #######
 Fire Storm               Conj/Fire      #.........   100%        9    #######
 Glaciate                 Conj/Ice       #.........   100%        9    #######
 Sublimation of Blood     Necr           Unusable     N/A         2    N/A

Dungeon Overview and Level Annotations

Branches:
Dungeon (15/15)            Temple (1/1) D:5            Lair (6/6) D:11
 Shoals (4/4) Lair:3        Snake (4/4) Lair:2        Slime (0/5) Lair:6
    Orc (2/2) D:9             Elf (1/3) Orc:2        Vaults (5/5) D:14
  Crypt (0/3) Vaults:2     Depths (0/5) D:15

Altars:
Ashenzari
Cheibriados
Dithmenos
Elyvilon
Fedhas
Gozag
Hepliaklqana
Kikubaaqudgha
Makhleb
Nemelex Xobeh
Okawaru
Qazlal
Ru
Sif Muna
Trog
Uskayaw
Vehumet
Wu Jian
Xom
Yredelemnul
Zin
The Shining One
Beogh

Shops:
D:8 }   Orc:2 ?[[(}   Snake:3 =*   Vaults:1 *   Vaults:4 (   Vaults:5 [*(=

Annotations:
D:7 2 transporters
D:8 3 runed translucent doors, Hasart's ghost, novice DEEE; elfaar's ghost, novice DrBe; grocchini's ghost, novice VSFi
D:12 exclusion: ice statue
Snake:2 exclusion: oklob plant
Elf:1 Donald


Innate Abilities, Weirdness & Mutations

You are resistant to torment.
Your stone body is resilient. (AC +17)
You are immune to poison.
Your large and strong wings let you fly indefinitely.
You resist negative energy. (rN+)
You are resistant to electric shocks. (rElec)
You can survive without breathing.
You are immune to petrification.
You are immune to rotting.
You have sharp toenails.
Your magical capacity is low. (-10% MP)
You are weak. (Str -2)
Your spells are a little easier to cast, but a little less powerful.


Message History

The shadow dragon breathes negative energy at you.
The bolt of negative energy hits you but does no damage.
You resist.
You feel much better.
The faun shouts!
The faun changes into a death drake!
You block the shadow dragon's attack. x2
The shadow dragon claws you but does no damage.
A tentacled monstrosity comes into view.
The shadow dragon breathes negative energy at you.
The bolt of negative energy hits you but does no damage.
You resist.
Found a silver rune of Zot and 19 arrows.
Found Xicul's Antique Armour Shoppe and Niumu's General Store.
There is an open gate here.
You block the tentacled monstrosity's attack.
The tentacled monstrosity tentacle-slaps you but does no damage.
You block the tentacled monstrosity's attack. x2
The deep elf annihilator points at you and mumbles some strange words.
The crystal spear hits you!!!!
You die...

##################.
.............^.....
.(.................#
..........C.......# #'
#ke.DD....%....#
#...#'''#..........#
#.φ.'.@X#...D......#
#...'.∩.#..DD.D....#
#####...###X..H....# #'''#
#..XQC...# #......)..##....
#..CO....#
#.......⌠.##.⌠∩.##.⌠.()..D#
#.........##....##...)(..§#
#.........############....#
#.........###...######....#


You could see a shadow dragon, a tentacled monstrosity, a frost giant, a
quicksilver dragon, a death drake shaped shifter and a deep elf annihilator.

Vanquished Creatures
  Saint Roka (Orc:2)
  A golden dragon (Vaults:5)
  Jory (Vaults:3)
  A bone dragon (Abyss:2)
  Rupert (D:14)
  2 tentacled monstrosities
  The ghost of dvd the Bludgeoner, an adept TrGl of Wu Jian (Snake:4)
  A lich (Vaults:3)
  2 sphinxes
  2 Executioners (Abyss:2)
  5 krakens (Shoals:3)
  3 shadow dragons
  2 tentacled starspawn (Abyss:2)
  Gastronok (Orc:1)
  A tengu reaver (Vaults:5)
  8 nagarajas
  Ilsuiw (Shoals:2)
  3 fire giants
  A revenant (Abyss:2)
  2 frost giants
  A deep elf sorcerer (Abyss:2)
  Aizul (Snake:2)
  An orc warlord (Vaults:4)
  10 vault wardens
  11 ironheart preservers
  2 entropy weavers (Vaults:1)
  A vampire knight (Vaults:2)
  5 deep elf demonologists
  7 stone giants
  3 very ugly things
  Nessos (Lair:6)
  Azrael (D:12)
  A lorocyproca (Abyss:2)
  5 dire elephants (Lair:6)
  Snorg (D:10)
  2 ettins
  3 merfolk javelineers (Shoals:4)
  9 merfolk impalers
  10 yaktaur captains
  4 great orbs of eyes
  5 fire dragons
  12 ogre magi
  2 rakshasas (Vaults:2)
  Josephine (D:13)
  8 hydras
  28 vault guards
  The ghost of kaze the Cleaver, a journeyman HOFi of Makhleb (Orc:2)
  An ice dragon (Vaults:1)
  11 naga warriors
  Harold (D:10)
  A catoblepas (D:13)
  36 two-headed ogres
  30 anacondas
  7 centaur warriors
  An alligator snapping turtle (Shoals:3)
  Erica (Lair:1)
  A dancing weapon (Snake:4)
  2 merfolk avatars
  A death knight (Vaults:1)
  3 satyrs (Shoals:4)
  4 deep troll shamans
  3 merfolk aquamancers (Shoals:4)
  8 death yaks
  A tengu warrior (D:14)
  An orc high priest (Orc:1)
  Urug (D:11)
  2 deep troll earth magi
  5 thrashing horrors (Abyss:2)
  9 shock serpents
  A soul eater (Vaults:2)
  19 naga sharpshooters
  Sonja (D:10)
  3 hell knights
  A storm dragon skeleton (Vaults:1)
  A wretched star (Abyss:2)
  5 deep elf knights
  A sixfirhy (Abyss:2)
  6 skeletal warriors
  A spatial maelstrom (Abyss:2)
  2 flayed ghosts
  5 unseen horrors
  A glowing orange brain (Abyss:2)
  6 sea snakes
  An unseen horror (shapeshifter) (Vaults:1)
  8 salamander mystics
  11 deep trolls
  3 wizards
  A shadow demon (Abyss:2)
  An anaconda skeleton (Abyss:2)
  10 naga ritualists
  9 large abominations (Abyss:2)
  A deep elf archer (Vaults:3)
  15 ironbrand convokers
  A phantasmal warrior (Vaults:4)
  17 mana vipers
  7 deep elf magi
  11 orc knights
  6 necromancers
  4 lindwurms (Snake:4)
  14 salamanders
  12 harpies
  A salamander (shapeshifter) (Vaults:3)
  3 orc sorcerers
  A shining eye (shapeshifter) (Vaults:1)
  5 wolf spiders
  A stone giant zombie (Vaults:1)
  A fire giant zombie (Vaults:1)
  15 fauns
  33 ugly things
  8 manticores
  4 water nymphs
  11 cyclopes
  A stone giant skeleton (Vaults:3)
  47 black mambas
  10 elephants (Lair:6)
  A rust devil (Abyss:2)
  26 naga magi
  A water nymph (shapeshifter) (D:15)
  A smoke demon (Abyss:2)
  15 merfolk sirens
  A gargoyle (D:12)
  Maurice (D:11)
  10 vault sentinels
  6 guardian serpents
  A torpor snail (Lair:4)
  9 spiny frogs
  5 centaur skeletons
  2 orange demons (Abyss:2)
  3 rime drakes
  A komodo dragon (shapeshifter) (Vaults:2)
  32 yaktaurs
  7 freezing wraiths
  7 komodo dragons
  3 human skeletons
  3 ancient zymes (Abyss:2)
  A tengu conjurer (D:11)
  22 merfolk
  A yaktaur skeleton (Vaults:3)
  A demonic crawler (Abyss:2)
  2 ice devils (D:12)
  3 trolls
  7 wind drakes
  2 sphinx simulacra
  3 hornets
  27 blink frogs
  A dream sheep (shapeshifter) (Vaults:4)
  14 slime creatures
  17 snapping turtles
  A harpy skeleton (D:15)
  14 hippogriffs
  A frost giant simulacrum (Vaults:3)
  A meliai zombie (D:15)
  5 raiju (Abyss:2)
  16 dream sheep
  8 wraiths
  7 starcursed masses (Abyss:2)
  A shadow (D:11)
  A flying skull (Vaults:2)
  A ynoxinul (Abyss:2)
  A redback (Vaults:1)
  3 water elementals
  Grum (D:10)
  3 vampires
  A basilisk (shapeshifter) (Vaults:2)
  Eustachio (D:5)
  2 fire elementals
  11 humans
  6 wyverns
  57 yaks
  2 basilisks
  4 hungry ghosts
  5 neqoxecs
  3 vampire mosquitoes
  8 wargs
  2 soldier ants
  5 acid dragons
  38 nagas
  A soldier ant (shapeshifter) (Vaults:3)
  5 hell hounds
  20 water moccasins
  An ogre skeleton (Vaults:1)
  7 porcupines
  2 eyes of draining
  2 phantoms
  5 ice beasts
  A black bear (D:12)
  10 small abominations (Abyss:2)
  4 sky beasts
  51 orc warriors
  2 ettin simulacra
  39 ogres
  2 wolves (D:10)
  A boggart (Vaults:2)
  An eye of draining (shapeshifter) (Vaults:2)
  26 centaurs
  11 crocodiles
  3 big kobolds
  2 human zombies (Vaults:1)
  A gnoll sergeant (D:6)
  27 bullfrogs
  2 wyvern skeletons
  4 scorpions
  8 killer bees
  4 wights (D:14)
  5 howler monkeys
  A vampire bat (D:3)
  4 electric eels
  8 crimson imps
  A human simulacrum (Vaults:1)
  4 bullfrog zombies
  5 quasits
  2 centaur zombies
  13 hounds
  25 orc priests
  3 gnoll shamans (D:6)
  21 jellies
  3 bullfrog skeletons
  7 iguanas
  40 orc wizards
  15 worker ants
  A worker ant zombie (D:11)
  Robin (D:3)
  9 gnolls
  8 adders
  4 shadow imps
  A white imp (Abyss:2)
  4 oozes
  2 adder skeletons
  3 worms
  3 dart slugs (D:1)
  6 leopard geckos
  126 orcs
  7 giant cockroaches
  16 goblins
  17 hobgoblins
  5 jackals
  4 quokkas
  A ball python (D:3)
  18 bats
  5 frilled lizards
  15 kobolds
  A leopard gecko skeleton (D:6)
  2 quokka skeletons (D:6)
  9 rats
  2 butterflies (Lair:2)
  A lurking horror (Abyss:2)
  A plant (Lair:6)
  19 tentacles (Shoals:3)
1767 creatures vanquished.

Vanquished Creatures (others)
  2 stone giants (Vaults:2)
  A centaur warrior (Vaults:2)
  A cyclops (Vaults:2)
  4 yaktaurs
  A centaur (Vaults:1)
  7 fungi
  4 plants
  2 starspawn tentacles (Abyss:2)
  39 tentacles (Shoals:3)
61 creatures vanquished.

Grand Total: 1828 creatures vanquished

Notes
Turn   | Place    | Note
-------+----------+-------------------------------------------
     0 | D:1      | Sharpo the Gargoyle Fighter began the quest for the Orb.
     0 | D:1      | Reached XP level 1. HP: 14/14 MP: 1/1
    61 | D:1      | Reached XP level 2. HP: 17/19 MP: 2/2
   950 | D:1      | Reached XP level 3. HP: 23/23 MP: 3/3
  1111 | D:2      | Noticed a big kobold
  1146 | D:2      | Killed a big kobold
  1146 | D:2      | Reached skill level 4 in Fighting
  1146 | D:2      | Reached XP level 4. HP: 16/29 MP: 4/4
  1282 | D:2      | Found a shimmering altar of Xom.
  1297 | D:2      | Noticed an angel
  1302 | D:2      | Found a glowing silver altar of Zin.
  1418 | D:2      | Reached XP level 5. HP: 29/33 MP: 5/5
  1774 | D:2      | Found a sparkling altar of Nemelex Xobeh.
  2155 | D:3      | Reached XP level 6. HP: 36/39 MP: 6/6
  2589 | D:4      | Found a blossoming altar of Fedhas.
  3025 | D:3      | Noticed Robin
  3042 | D:3      | Killed Robin
  3045 | D:3      | Reached skill level 5 in Shields
  3227 | D:3      | Reached skill level 8 in Fighting
  3227 | D:3      | Reached XP level 7. HP: 50/50 MP: 7/7
  3228 | D:3      | Reached skill level 9 in Fighting
  3228 | D:3      | Reached XP level 8. HP: 57/57 MP: 8/8
  3333 | D:5      | Entered Level 5 of the Dungeon
  3333 | D:5      | Noticed a vampire
  3488 | D:4      | Found a shattered altar of Ashenzari.
  3561 | D:4      | Reached XP level 9. HP: 58/62 MP: 9/9
  4359 | D:5      | Found a stormy altar of Qazlal.
  4360 | D:5      | Found a deep blue altar of Sif Muna.
  4373 | D:5      | Reached skill level 10 in Shields
  4379 | D:5      | Reached skill level 10 in Fighting
  4634 | D:5      | Found a staircase to the Ecumenical Temple.
  4642 | D:5      | Reached skill level 10 in Armour
  4646 | Temple   | Entered the Ecumenical Temple
  4858 | Temple   | Became a worshipper of the Shining One
  4940 | D:5      | Noticed Eustachio
  4999 | D:5      | Killed Eustachio
  5628 | D:6      | Found an opulent altar of Gozag.
  5977 | D:6      | Reached XP level 10. HP: 65/68 MP: 10/10
  6002 | D:6      | Reached * piety under the Shining One
  6405 | D:6      | Noticed an unseen horror
  6421 | D:6      | Killed an unseen horror
  7108 | D:7      | Found a transporter.
  7151 | D:7      | Reached ** piety under the Shining One
  7159 | D:7      | Noticed a cyclops
  7188 | D:7      | Found a roughly hewn altar of Beogh.
  7188 | D:7      | Found a transporter.
  7370 | D:8      | Found Wiyqioda's Gadget Shop.
  7412 | D:8      | Found a runed translucent gate.
  7412 | D:8      | Found a runed translucent gate.
  7412 | D:8      | Noticed Hasart's ghost (novice DEEE)
  7412 | D:8      | Noticed elfaar's ghost (novice DrBe)
  7412 | D:8      | Noticed grocchini's ghost (novice VSFi)
  7413 | D:8      | Found a runed translucent gate.
  7552 | D:8      | Noticed a two-headed ogre
  7564 | D:8      | Killed a two-headed ogre
  7564 | D:8      | Reached skill level 11 in Fighting
  7564 | D:8      | Reached skill level 1 in Invocations
  7939 | D:8      | Got a dazzling morningstar
  7940 | D:8      | Identified the +11 morningstar "Ethruran" {speed, Str+6}
                  | (You found it on level 8 of the Dungeon)
  8003 | D:8      | Reached XP level 11. HP: 74/74 MP: 12/12
  8003 | D:8      | Noticed a cyclops
  8013 | D:8      | Killed a cyclops
  8365 | D:9      | Found a radiant altar of Vehumet.
  8366 | D:9      | Found a burning altar of Makhleb.
  8440 | D:9      | Noticed a two-headed ogre
  8449 | D:9      | Killed a two-headed ogre
  8455 | D:9      | Found a staircase to the Orcish Mines.
  8515 | D:9      | Found a sacrificial altar of Ru.
  8525 | D:9      | Found an iron altar of Okawaru.
  8590 | D:9      | Found an ancient bone altar of Kikubaaqudgha.
  8638 | D:9      | Found a roughly hewn altar of Beogh.
  8642 | D:9      | Reached *** piety under the Shining One
  8649 | D:9      | Reached skill level 12 in Fighting
  8799 | D:9      | Found a radiant altar of Vehumet.
  8987 | D:10     | Entered Level 10 of the Dungeon
  9077 | D:10     | Noticed Harold
  9097 | D:10     | Killed Harold
  9104 | D:10     | Noticed Grum
  9113 | D:10     | Killed Grum
  9198 | D:10     | Reached skill level 10 in Maces & Flails
  9272 | D:10     | Noticed Sonja
  9307 | D:10     | Killed Sonja
  9321 | D:10     | Reached skill level 13 in Fighting
  9622 | D:11     | Reached **** piety under the Shining One
  9657 | D:11     | Reached XP level 12. HP: 84/84 MP: 15/15
  9734 | D:11     | Noticed Snorg
  9735 | D:11     | Noticed Maurice
  9755 | D:10     | Killed Snorg
  9762 | D:11     | Killed Maurice
  9805 | D:11     | Noticed Urug
  9828 | D:11     | Reached skill level 14 in Fighting
  9835 | D:11     | Killed Urug
  9891 | D:12     | Noticed a centaur warrior
  9976 | D:11     | Noticed a two-headed ogre
  9992 | D:11     | Killed a two-headed ogre
  9992 | D:11     | Reached skill level 5 in Invocations
 10111 | D:11     | Noticed a two-headed ogre
 10130 | D:11     | Killed a two-headed ogre
 10251 | D:11     | Found a staircase to the Lair.
 10364 | D:12     | Killed a centaur warrior
 10364 | D:12     | Reached skill level 15 in Fighting
 10396 | D:12     | Noticed a two-headed ogre
 10401 | D:12     | Killed a two-headed ogre
 10401 | D:12     | Reached XP level 13. HP: 88/92 MP: 17/17
 10485 | D:12     | Reached ***** piety under the Shining One
 10646 | D:12     | You fall through a shaft!
 10647 | D:13     | Noticed Azrael
 10715 | D:12     | Found a runed translucent door.
 10762 | D:12     | Found a runed translucent door.
 10772 | D:12     | Found a runed translucent door.
 10784 | D:12     | Found a runed translucent door.
 11169 | D:12     | Reached skill level 16 in Fighting
 11313 | D:12     | Killed Azrael
 11544 | D:13     | Found a shimmering altar of Xom.
 11544 | D:13     | Found a shimmering altar of Xom.
 11560 | D:13     | Found a shimmering altar of Xom.
 11562 | D:13     | Found a shimmering altar of Xom.
 11656 | D:13     | Got a transparent leather armour
 11657 | D:13     | Identified the +1 leather armour of Past Mistakes {rN++}
                  | (You found it on level 13 of the Dungeon)
 11662 | D:13     | Noticed Josephine
 11669 | D:13     | Killed Josephine
 12229 | D:14     | Reached skill level 17 in Fighting
 12250 | D:14     | Gained mutation: Your large and strong wings let you fly
                  | indefinitely. [Gargoyle growth]
 12250 | D:14     | Reached XP level 14. HP: 89/102 MP: 19/19
 12493 | D:14     | Noticed Rupert
 12504 | D:14     | Killed Rupert
 12606 | D:14     | Reached ****** piety under the Shining One
 12751 | D:14     | Found a gate to the Vaults.
 12868 | D:15     | Entered Level 15 of the Dungeon
 12882 | D:15     | Found a staircase to the Depths.
 12882 | D:15     | Noticed a fire giant
 12892 | D:15     | Killed a fire giant
 13141 | D:15     | Paralysed by an ogre mage for 4 turns
 13654 | Lair:1   | Entered Level 1 of the Lair of Beasts
 13921 | Lair:1   | Noticed Erica
 13935 | Lair:1   | Killed Erica
 14835 | Lair:2   | Reached skill level 18 in Fighting
 14849 | Lair:2   | Reached XP level 15. HP: 89/108 MP: 21/21
 14880 | Lair:2   | Found a staircase to the Snake Pit.
 15272 | Lair:3   | You are sucked into a shaft for 3 floors!
 15272 | Lair:6   | Entered Level 6 of the Lair of Beasts
 15927 | Lair:3   | Found a staircase to the Shoals.
 16001 | Lair:3   | Found a shattered altar of Ashenzari.
 17831 | Lair:6   | Gained mutation: You have sharp toenails. [potion of
                  | mutation]
 17831 | Lair:6   | Gained mutation: You are clumsy. (Dex -2) [potion of
                  | mutation]
 17831 | Lair:6   | Lost mutation: You are clumsy. (Dex -2) [potion of
                  | mutation]
 17884 | Lair:6   | Found a staircase to the Slime Pits.
 18019 | Lair:6   | Reached skill level 10 in Invocations
 18344 | Lair:6   | Reached XP level 16. HP: 116/116 MP: 23/23
 18351 | Lair:6   | Noticed Nessos
 18370 | Lair:6   | Killed Nessos
 18421 | Lair:6   | Reached skill level 19 in Fighting
 18780 | Lair:6   | Found the +7 mace of Variability {chain chaos}
 19423 | Orc:1    | Entered Level 1 of the Orcish Mines
 19517 | Orc:1    | Found a roughly hewn altar of Beogh.
 19975 | Orc:1    | Noticed Gastronok
 20006 | Orc:1    | Killed Gastronok
 20114 | Orc:2    | Entered Level 2 of the Orcish Mines
 20324 | Orc:2    | Gained mutation: You are weak. (Str -2) [a neqoxec]
 20546 | Orc:2    | Noticed Saint Roka
 20570 | Orc:2    | Killed Saint Roka
 20576 | Orc:2    | Found Ariala's Antique Weapon Shop.
 20666 | Orc:2    | Found Gewurupn's Antique Armour Boutique.
 20667 | Orc:2    | Found a roughly hewn altar of Beogh.
 20743 | Orc:2    | Found Ivit's Antique Armour Emporium.
 20746 | Orc:2    | Found a staircase to the Elven Halls.
 20809 | Orc:2    | Found a roughly hewn altar of Beogh.
 20981 | Orc:2    | Found a roughly hewn altar of Beogh.
 20999 | Orc:2    | Found Pabbe's Magic Scroll Boutique.
 21100 | Orc:2    | Found a roughly hewn altar of Beogh.
 21114 | Orc:2    | Found Ytzegesu's Gadget Shoppe.
 21145 | Orc:2    | Found a transporter.
 21152 | Orc:2    | Noticed kaze's ghost (journeyman HOFi)
 21180 | Orc:2    | Gained mutation: Your spells are a little easier to cast,
                  | but a little less powerful. [a neqoxec]
 21209 | Orc:2    | Killed kaze's ghost
 21215 | Orc:2    | Found a transporter.
 21450 | Orc:2    | Found a roughly hewn altar of Beogh.
 21572 | Elf:1    | Entered Level 1 of the Elven Halls
 21572 | Elf:1    | Noticed Donald
 21767 | Shoals:1 | Entered Level 1 of the Shoals
 22911 | Shoals:2 | Reached skill level 20 in Fighting
 23037 | Shoals:2 | Reached XP level 17. HP: 124/124 MP: 24/24
 23132 | Shoals:2 | Reached skill level 15 in Shields
 23175 | Shoals:2 | Noticed Ilsuiw
 23203 | Shoals:2 | Killed Ilsuiw
 23921 | Shoals:3 | Reached skill level 15 in Armour
 24261 | Shoals:3 | Noticed a kraken
 24285 | Shoals:3 | Killed a kraken
 24811 | Shoals:3 | Noticed a kraken
 24811 | Shoals:3 | Noticed a kraken
 25190 | Shoals:3 | Killed a kraken
 25383 | Shoals:3 | Killed a kraken
 25533 | Shoals:3 | Noticed a kraken
 25556 | Shoals:3 | Killed a kraken
 25930 | Shoals:3 | Noticed a kraken
 25962 | Shoals:3 | Killed a kraken
 26352 | Shoals:4 | Entered Level 4 of the Shoals
 26436 | Shoals:4 | HP: 4/125 [frost giant/bolt of cold (11)]
 26441 | Shoals:4 | HP: 6/125 [merfolk impaler/+2 trident of freezing (9)]
 26441 | Shoals:4 | HP: 2/125 [merfolk impaler/+2 trident of freezing (4)]
 26870 | Shoals:4 | Identified the amulet of Yzecux {Faith Int+3}
 27254 | Shoals:4 | Got a barnacled rune of Zot
 27825 | Shoals:4 | Reached skill level 21 in Fighting
 27867 | Shoals:4 | Reached XP level 18. HP: 93/132 MP: 25/25
 28442 | Shoals:4 | Identified a scroll of acquirement
 28444 | Shoals:4 | Got a shimmering brass ring
 28446 | Shoals:4 | Identified the ring "Kapus Ced" {Ice SInv} (You acquired it
                  | on level 4 of the Shoals)
 28561 | Snake:1  | Entered Level 1 of the Snake Pit
 28697 | Snake:1  | Got a slimy marble ring
 29356 | Snake:1  | Found a shimmering altar of Xom.
 29606 | Snake:2  | Found a glowing silver altar of Zin.
 30072 | Snake:2  | Noticed Aizul
 30093 | Snake:2  | Killed Aizul
 30845 | Snake:3  | Found Caatygi's Distillery.
 30845 | Snake:3  | Found Sistil's Assorted Antiques.
 30849 | Snake:3  | Found Heosoem's Jewellery Shop.
 30861 | Snake:3  | Reached skill level 15 in Maces & Flails
 30872 | Snake:3  | Bought 2 viscous green potions for 54 gold pieces
 30872 | Snake:3  | Bought a wand of flame (23) for 30 gold pieces
 30873 | Snake:3  | Identified the ring "Wuph" {Wiz Dex+3} (You found it on
                  | level 1 of the Snake Pit)
 30877 | Snake:3  | Bought a +5 ring of strength for 618 gold pieces
 31377 | Snake:3  | Reached XP level 19. HP: 124/139 MP: 26/26
 31391 | Snake:3  | Reached skill level 22 in Fighting
 31799 | Snake:4  | Entered Level 4 of the Snake Pit
 31804 | Snake:4  | Found a runed translucent door.
 31804 | Snake:4  | Found a shimmering altar of Xom.
 31804 | Snake:4  | Noticed dvd's ghost (adept TrGl)
 31878 | Snake:4  | Killed dvd's ghost
 33867 | Snake:4  | Got a serpentine rune of Zot
 34259 | Vaults:1 | Entered Level 1 of the Vaults
 34265 | D:14     | Reached XP level 20. HP: 140/147 MP: 27/27
 34695 | Vaults:1 | Reached skill level 23 in Fighting
 34914 | Vaults:1 | Found the brooch of Shielding {Reflect SH+8}
 35758 | Vaults:1 | Found Inuiha Piats's Assorted Antiques.
 35960 | Vaults:1 | Gained mutation: Your magical capacity is low. (-10% MP) [a
                  | shining eye]
 36859 | Vaults:2 | Reached XP level 21. HP: 122/155 MP: 25/25
 36985 | Vaults:2 | Found a staircase to the Crypt.
 37516 | Vaults:3 | Reached skill level 24 in Fighting
 38178 | Vaults:3 | Noticed Jory
 38204 | Vaults:3 | Killed Jory
 39113 | Vaults:4 | Cast into level 2 of the Abyss (a deep elf demonologist)
 39124 | Abyss:2  | Found a corrupted altar of Lugonu.
 39253 | Abyss:2  | Reached XP level 22. HP: 142/163 MP: 26/26
 39981 | Abyss:2  | Reached skill level 25 in Fighting
 40015 | Abyss:3  | Found a corrupted altar of Lugonu.
 40068 | Vaults:4 | Escaped the Abyss
 40922 | Vaults:4 | Paralysed by a great orb of eyes for 6 turns
 41054 | Vaults:4 | Found Ciatanog's Weapon Emporium.
 41242 | Vaults:5 | Entered Level 5 of the Vaults
 41607 | Vaults:5 | Reached XP level 23. HP: 170/170 MP: 27/27
 41701 | Vaults:5 | Found Ufoll's Antique Weapon Boutique.
 41711 | Vaults:5 | Noticed a golden dragon
 41726 | Vaults:5 | Killed a golden dragon
 41736 | Vaults:5 | Found Harah's Jewellery Emporium.
 41821 | Vaults:5 | HP: 5/172 [titan/the air (17)]
 41824 | Vaults:5 | Found Xicul's Antique Armour Shoppe.
 41824 | Vaults:5 | Found Niumu's General Store.
 41826 | Vaults:5 | Killed from afar by a deep elf annihilator

Skill      XL: |  1  2  3  4  5  6  7  8  9 10 11 12 13 14 15 16 17 18 19 20 21 22 23 |
---------------+----------------------------------------------------------------------+-----
Fighting       | 4 8 9 10 11 13 15 17 18 20 21 22 23 24 25 | 25.7
Armour         | 4 8 9 10 11 12 13 14 15 16 17 18 19 | 19.4
Shields        | 4 8 9 10 11 12 13 14 15 16 17 18 19 | 19.4
Maces & Flails | 3 7 8 9 10 11 12 13 14 15 16 17 18 | 18.0
Invocations    | 1 4 5 7 8 10 | 10.0

Action                   |  1- 3 |  4- 6 |  7- 9 | 10-12 | 13-15 | 16-18 | 19-21 | 22-24 || total
-------------------------+-------+-------+-------+-------+-------+-------+-------+-------++-------
Melee: Flail             |    84 |   287 |   349 |   254 |       |       |       |       ||   974
       Morningstar       |       |       |       |   364 |  1071 |  1608 |  1560 |   735 ||  5338
Throw: Tomahawk          |       |       |       |    41 |     2 |     5 |     1 |       ||    49
       Javelin           |       |       |       |     2 |       |       |       |       ||     2
Invok: Divine Shield     |       |       |       |       |       |     3 |       |       ||     3
 Abil: Fly               |       |       |       |       |     1 |       |     1 |       ||     2
       Stop Flying       |       |       |       |       |       |     1 |     1 |       ||     2
  Use: Scroll            |     4 |     1 |       |     7 |    20 |     8 |     2 |     2 ||    44
       Potion            |     2 |     2 |     1 |     3 |     2 |    14 |       |    13 ||    37
  Eat: Chunk             |       |     8 |     7 |    12 |    16 |    32 |    19 |     9 ||   103
       Ration            |       |       |     1 |     1 |     3 |     3 |     2 |       ||    10
Armor: Scale mail        |    36 |    83 |       |       |       |       |       |       ||   119
       Plate armour      |       |   139 |   216 |   229 |   419 |   711 |   437 |   212 ||  2363
       Shadow dragon sca |       |       |       |       |       |       |       |   122 ||   122
Dodge: Dodged            |    26 |    92 |    81 |   166 |   280 |   290 |   185 |   126 ||  1246
Block: Shield            |    40 |   214 |   235 |   378 |   566 |  1050 |  1025 |   628 ||  4136
       Reflection        |       |       |       |       |       |       |    82 |     8 ||    90
